Unix NetHack Version 3.7.0-89 Work-in-progress - last build Nov 3 2023 05:48:50 (ea8ed35e81eded05176fbf39db35bf4bcaa3adb9,branch:master). Game began 2023-11-12 01:17:12, ended 2023-11-12 01:31:36. Anerag, neutral male human Monk -------- |...)..| #-...<..| #|.._...| --------- #-------- |........#### | ##### |.......| |......- ##########........| ------- --k-- |.......| |.@.| |.......| ..e.| --------- |.!.| |...| ----- Anerag the Novice St:18/04 Dx:15 Co:12 In:10 Wi:12 Ch:10 Neutral Dlvl:7 $:107 HP:0(32) Pw:20(20) AC:4 Xp:4 T:2158 Latest messages: P - an uncursed cloth spellbook. O - a blessed emerald potion. You climb up the stairs. You find a hidden door. This door is locked. Unlock it with your key? [ynq] (q) You succeed in unlocking the door. The door opens. $ - 41 gold pieces (107 in total). Where do you want to travel to? (For instructions type a '?') You descend the stairs. You find a hidden door. The door opens. You see here a smoked salmon. Q - a smoked salmon. You hit the floating eye! You are frozen by the floating eye's gaze! The goblin hits! The goblin hits! The goblin misses! The goblin hits! The goblin hits! The goblin misses! The goblin misses! The goblin hits! The goblin hits! The goblin hits! The goblin hits! The goblin hits! The goblin hits! The goblin hits! The goblin hits! The goblin misses! It bites the goblin. The goblin is killed! The kitten eats a goblin corpse. The kitten bites it. The kitten misses it. The kitten picks up a white gem. The kitten bites it. It misses the kitten. The kitten bites it. The kitten misses it. The kitten misses it. The kitten bites it. It hits the kitten. The kobold lady hits! You die... Do you want your possessions identified? [ynq] (y) Inventory: Coins $ - 107 gold pieces Armor a - an uncursed +2 pair of leather gloves (being worn) A - an uncursed +0 cloak of protection (being worn) b - an uncursed +1 robe Comestibles Q - an uncursed smoked salmon h - 6 uncursed apples g - 5 uncursed food rations j - 3 uncursed fortune cookies E - an uncursed lichen corpse Scrolls u - an uncursed scroll of destroy armor d - an uncursed scroll of remove curse Spellbooks P - an uncursed spellbook of create monster o - an uncursed spellbook of light c - a blessed spellbook of protection Potions z - an uncursed potion of booze O - a blessed potion of gain ability f - a blessed potion of healing e - 2 uncursed potions of healing D - a blessed potion of monster detection p - an uncursed potion of object detection l - an uncursed potion of paralysis G - an uncursed potion of speed Rings n - a cursed -2 ring of gain constitution v - an uncursed ring of searching Wands F - an uncursed wand of slow monster (0:3) Tools B - an uncursed lock pick k - an uncursed magic marker (0:69) m - an uncursed skeleton key C - an uncursed skeleton key Gems/Stones x - 2 uncursed citrine stones H - an uncursed worthless piece of green glass w - an uncursed worthless piece of red glass Anerag the Monk's attributes: Background: You were a Novice, a level 4 male human Monk. You were neutral, on a mission for Chih Sung-tzu who was opposed by Shan Lai Ching (lawful) and Huan Ti (chaotic). You were in the Dungeons of Doom, on level 7. You entered the dungeon 2158 turns ago. It was nighttime. There was a new moon in effect when your adventure ended. You had 126 experience points, 34 more were needed to attain level 5. Basics: You had 0 out of 32 hit points. You had all 20 energy points (spell power). Your armor class was 4. Your wallet contained 107 zorkmids. Autopickup was on for '$' plus thrown. Final Characteristics: Your strength was 18/04 (limit:18/100). Your dexterity was 15 (limit:18). Your constitution was 12 (limit:18). Your intelligence was 10 (limit:18). Your wisdom was 12 (limit:18). Your charisma was 10 (limit:18). Final Status: You weren't hungry. You were unencumbered. You were empty handed. You had basic skill with martial arts. Final Attributes: You were devoutly aligned. You were sleep resistant. You were poison resistant. You saw invisible. You were protected. You were fast. You are dead. Miscellaneous: You disabled loading of bones levels. Total elapsed playing time was 14 minutes and 24 seconds. Major events: Turn 1: Anerag the neutral male human Monk entered the dungeon 821: entered the Gnomish Mines 1277: attained the rank of Novice (level 3) 2158: killed by a kobold lady, while frozen by a floating eye's gaze Vanquished creatures: a rock piercer a fog cloud a gnome leader a floating eye a centipede a monkey 2 iguanas an acid blob 2 coyotes a hobgoblin a brown mold 2 geckos 4 jackals 2 foxes 3 goblins 5 lichens a kobold zombie 3 newts 33 creatures vanquished. No species were genocided or became extinct. Voluntary challenges: You followed a strict vegan diet. You never hit with a wielded weapon. You read items or engraved 2 times. You never engraved Elbereth. You never genocided any monsters. You never polymorphed an object. You never changed form. You used no wishes. Achievements: You entered the Gnomish Mines. You attained the rank of Novice. The Dungeons of Doom: levels 1 to 7 Level 1: An altar to Chih Sung-tzu, a grave. Level 2: Level 3: Some fountains. Stairs down to The Gnomish Mines. Level 4: A grave. Level 5: Many altars, many fountains. Level 6: Level 7: <- You were here. An altar to Chih Sung-tzu. Final resting place for you, killed by a kobold lady, while frozen by a floating eye's gaze. The Gnomish Mines: Level 4: Game over: ---------- / \ / REST \ / IN \ / PEACE \ / \ | Anerag | | 107 Au | | killed by a | | kobold lady | | | | | | 2023 | *| * * * | * _________)/\\_//(\/(/\)/\//\/|_)_______ Goodbye Anerag the Monk... You died in The Dungeons of Doom on dungeon level 7 with 901 points, and 107 pieces of gold, after 2158 moves. You were level 4 with a maximum of 32 hit points when you died.